 Dungeon Crawl Stone Soup version 0.20.1-1-g8b1a95d (webtiles) character file.

125 tidbits the Insei (level 4, -1/34 HPs)
             Began as a Demigod Transmuter on Aug 23, 2017.
             Killed from afar by an orc wizard (6 damage)
             ... with a magic dart
             ... on level 4 of the Dungeon.
             The game lasted 00:08:55 (1037 turns).

tidbits the Insei (Demigod Transmuter)              Turns: 1037, Time: 00:08:56

Health: -1/34      AC:  2    Str: 13    XL:     4   Next: 53%
Magic:  2/9        EV: 19    Int: 19    God:
Gold:   53         SH:  0    Dex: 21    Spells: 1/7 levels left

rFire    . . .     SeeInvis .     - Unarmed
rCold    . . .     Gourm    .   (shield currently unavailable)
rNeg     . . .     Faith    +   (armour currently unavailable)
rPois    x         Spirit   .   (helmet currently unavailable)
rElec    .         Reflect  .   (cloak currently unavailable)
rCorr    .         Harm     .   (gloves currently unavailable)
MR       .....                  (boots currently unavailable)
Stlth    ++........             k - amulet of faith
Regen    0.2/turn               (no ring)
MPRegen  0.2/turn               (no ring)

@: spider-form (expiring), very slightly contaminated, slowed, very slow
A: high mp 1
a: End Transformation


You were on level 4 of the Dungeon.
You were not hungry.
You were a venomous arachnid creature.
You visited 1 branch of the dungeon, and saw 4 of its levels.

You collected 53 gold pieces.

Inventory:

Hand Weapons
 a - a +0 dagger of venom (melded)
   (You took it off an orc on level 4 of the Dungeon)
 n - a +2 dagger of holy wrath
   (You took it off a goblin on level 1 of the Dungeon)
Missiles
 e - 10 stones
 f - 3 curare-tipped needles
 g - 28 arrows
 j - 5 tomahawks (quivered)
Armour
 B - a +0 robe (melded)
 F - a +0 pair of boots (melded)
Jewellery
 k - an amulet of faith (around neck)
   (You found it on level 2 of the Dungeon)
Scrolls
 b - a scroll of remove curse {unknown}
 i - a scroll of amnesia
 o - 2 scrolls of enchant armour {unknown}
 q - a scroll of enchant weapon {unknown}
 t - a scroll of noise {unknown}
Potions
 l - 3 potions of brilliance
 m - a potion of ambrosia {unknown}
 r - 2 potions of flight {unknown}
Books
 c - a book of Changes

   Spells                             Type                      Level
   a - Beastly Appendage              Transmutation                1
   b - Sticks to Snakes               Transmutation                2
   c - Spider Form                    Transmutation/Poison         3
   d - Ice Form                       Ice/Transmutation            4
   e - Blade Hands                    Transmutation                5
 h - a book of Minor Magic
   (You found it on level 4 of the Dungeon)

   Spells                             Type                      Level
   a - Magic Dart                     Conjuration                  1
   b - Blink                          Translocation                2
   c - Call Imp                       Summoning                    2
   d - Slow                           Hexes                        2
   e - Conjure Flame                  Conjuration/Fire             3
   f - Mephitic Cloud                 Conjuration/Poison/Air       3
Comestibles
 d - 2 bread rations
 p - 4 chunks of flesh
 s - 2 royal jellies


   Skills:
 - Level 0.8 Fighting
 - Level 1.7 Dodging
 + Level 4.1 Unarmed Combat
 - Level 2.0 Spellcasting
 - Level 3.2 Transmutations


You had one spell level left.
You knew the following spells:

 Your Spells              Type           Power        Failure   Level  Hunger
e - Beastly Appendage     Tmut           ##....       13%         1    #......
k - Sticks to Snakes      Tmut           ##......     19%         2    ###....
p - Spider Form           Tmut/Pois      #.........   47%         3    ###....


Dungeon Overview and Level Annotations

Branches:
Dungeon (4/15)
 Temple: D:4-7


Innate Abilities, Weirdness & Mutations

You have an increased reservoir of magic. (+10% MP)


Message History

You hit the jackal but do no damage.
The jackal is poisoned.
The jackal closely misses you.
An orc comes into view.
You hit the jackal.
The jackal looks as sick as possible!
The jackal is severely wounded.
The jackal completely misses you.
You hit the jackal.
You kill the jackal!
The jackal misses you.
You hit the jackal but do no damage.
The jackal is poisoned.
The jackal closely misses you.
You hit the jackal.
The jackal looks as sick as possible!
The jackal is moderately wounded.
The jackal closely misses you.
You hit the jackal but do no damage.
The jackal looks as sick as possible!
The jackal is almost dead.
You kill the jackal!
You hit the jackal.
The jackal is moderately wounded.
The jackal misses you. The jackal completely misses you.
You closely miss the jackal.
The jackal is moderately wounded.
Your transformation has ended.
Your +0 dagger of venom unmelds from your body.
Your +0 pair of boots unmelds from your body.
Your +0 robe unmelds from your body.
Your +0 dagger of venom begins to drip with poison!
The jackal misses you.
You completely miss the jackal.
The jackal is moderately wounded.
The jackal misses you. The jackal closely misses you.
You hit the jackal but do no damage.
The jackal is poisoned.
The jackal is moderately wounded.
The jackal bites you but does no damage.
An orc wizard comes into view. It is wielding a dagger.
The jackal bites you.
* * * LOW HITPOINT WARNING * * *
You kill the jackal!
Casting: Spider Form
Confirm with . or Enter, or press ? or * to list all spells.
You turn into a venomous arachnid creature.
Your +0 dagger of venom melds into your body.
Your +0 pair of boots melds into your body.
Your +0 robe melds into your body.
Your +0 dagger of venom stops dripping with poison.
The jackal closely misses you.
The orc wizard shouts!
You hit the jackal.
The jackal is poisoned.
The jackal is severely wounded.
The orc wizard mumbles some strange words.
The orc wizard seems to speed up.
The jackal closely misses you.
You hit the jackal.
You kill the jackal!
The orc wizard gestures wildly while chanting.
The orc wizard blinks!
You barely miss the orc. The orc barely misses you.
You hit the orc.
The orc is poisoned.
The orc is lightly wounded.
The orc misses you.
You hit the orc.
You kill the orc!
Casting: Spider Form
Confirm with . or Enter, or press ? or * to list all spells.
You miscast Sticks to Snakes.
You are very lightly contaminated with residual magic.
Strange energies run through your body.
Casting: Sticks to Snakes
Confirm with . or Enter, or press ? or * to list all spells.
You create a snake!
You now have 28 arrows.
Your transformation is almost over. 2 orcs come into view.
The orc shouts! x2
The orc wizard barely misses you. The orc wizard casts a spell at you.
You feel yourself slow down.
You hit the orc wizard.
The orc wizard is poisoned.
The orc wizard is heavily wounded.
The orc wizard closely misses you.
The orc wizard mumbles some strange words.
The orc wizard blinks!
An orc comes into view. It is wielding a hand axe.
The orc wizard misses you. The orc wizard casts a spell at you.
The magic dart hits you!
* * * LOW HITPOINT WARNING * * *
Your ball python bites the orc wizard but does no damage.
Your ball python misses the orc wizard.
You hit the orc wizard.
The orc wizard looks as sick as possible!
The orc wizard is severely wounded.
The orc wizard points at you and mumbles some strange words.
The magic dart hits you!
* * * LOW HITPOINT WARNING * * *
Your ball python bites the orc wizard.
Your ball python misses the orc wizard.
The orc wizard barely misses you.
Your ball python misses the orc wizard.
Your ball python grabs the orc wizard.
Your ball python constricts the orc wizard.
The orc wizard gestures at you while chanting.
The magic dart hits you!
You die...

##### #...# #...#
#...# ###### #...# .
#....#######o..#....
+.....o..o.o.ยง..o...
#.....###########...
#..Ss.# #..o..#
#.....# #####.# #.#
#.# #.# #.# #.#


You could see an orc wizard, an orc and a friendly ball python.

Vanquished Creatures
  2 hounds (D:4)
  2 worms
  2 dart slugs
  6 orcs
  2 ball pythons
  4 giant cockroaches
  7 goblins
  3 hobgoblins
  6 jackals
  2 kobolds
  4 bats
  3 rats
43 creatures vanquished.

Vanquished Creatures (collateral kills)
  An orc (D:4)
  A kobold (D:3)
2 creatures vanquished.

Grand Total: 45 creatures vanquished

Notes
Turn   | Place    | Note
-------+----------+-------------------------------------------
     0 | D:1      | tidbits the Demigod Transmuter began the quest for the Orb.
     0 | D:1      | Reached XP level 1. HP: 15/15 MP: 5/5
    83 | D:1      | Reached skill level 2 in Transmutations
   144 | D:1      | Reached skill level 2 in Spellcasting
   199 | D:1      | Reached XP level 2. HP: 22/22 MP: 5/7
   204 | D:1      | Learned a level 2 spell: Sticks to Snakes
   482 | D:2      | Reached skill level 3 in Transmutations
   537 | D:3      | Reached XP level 3. HP: 12/27 MP: 5/8
   548 | D:3      | Learned a level 3 spell: Spider Form
   783 | D:4      | Reached skill level 3 in Unarmed Combat
   940 | D:4      | Reached XP level 4. HP: 12/34 MP: 1/9
   945 | D:4      | Reached skill level 4 in Unarmed Combat
  1037 | D:4      | Killed from afar by an orc wizard

Skill      XL: |  1  2  3  4 |
---------------+-------------+-----
Transmutations | 2 3 |  3.2
Spellcasting   | 2 |  2.0
Unarmed Combat | 3 4 |  4.1
Fighting       | |  0.8
Dodging        | |  1.7

Action                   |  1- 3 |  4- 6 || total
-------------------------+-------+-------++-------
Melee: Unarmed           |    35 |    19 ||    54
       Dagger            |    61 |     2 ||    63
       Kick              |     6 |       ||     6
       Headbutt          |    11 |       ||    11
Throw: Tomahawk          |     1 |       ||     1
 Cast: Beastly Appendage |    17 |       ||    17
       Sticks to Snakes  |     6 |     1 ||     7
       Spider Form       |     6 |     2 ||     8
  Use: Scroll            |     3 |       ||     3
       Potion            |     2 |       ||     2
 Stab: Distracted        |     1 |       ||     1
       Sleeping          |     1 |       ||     1
  Eat: Chunk             |     1 |     1 ||     2
Armor: Robe              |    16 |     1 ||    17
       Skin              |     2 |       ||     2
Dodge: Dodged            |    74 |    25 ||    99

Table legend:
 A = Turns spent in this place as a percentage of turns spent in the entire game.
 B = Non-inter-level travel turns spent in this place as a percentage of non-inter-level travel turns spent in the entire game.
 C = Inter-level travel turns spent in this place as a percentage of turns spent in this place.
 D = Turns resting spent in this place as a percentage of non-inter-level travel turns spent in this place.
 E = Turns spent auto-exploring this place as a percentage of non-inter-level travel turns spent in this place.
 F = Non-inter-level travel turns spent in this place divided by the number of levels of this place that you've seen.
                   A       B       C       D       E      F
               +-------+-------+-------+-------+-------+----------------------
         Total | 100.0 | 100.0 |   0.3 |   0.0 |   0.0 | 233.5
       Dungeon | 100.0 | 100.0 |   0.3 |   0.0 |   0.0 | 233.5
               +-------+-------+-------+-------+-------+----------------------

Table legend:
 A = Kills in this place as a percentage of kills in entire the game.
 B = Kills by you in this place as a percentage of kills by you in the entire game.
 C = Kills by friends in this place as a percentage of kills by friends in the entire game.
 D = Other kills in this place as a percentage of other kills in the entire game.
 E = Experience gained in this place as a percentage of experience gained in the entire game.
 F = Experience gained in this place divided by the number of levels of this place that you have seen.
                   A       B       C       D       E      F
               +-------+-------+-------+-------+-------+----------------------
         Total | 100.0 | 100.0 | 100.0 |  -nan | 100.0 |  44.8
       Dungeon | 100.0 | 100.0 | 100.0 |  -nan | 100.0 |  44.8
               +-------+-------+-------+-------+-------+----------------------

Vault maps used:
D:1:      tarquinn_simple_flora_water_a
D:2:      overflow_temple_1_default, serial_co_window_serial, co_window_paths_a,
          co_window_paths_a, co_window_paths_b, co_window_corner_a,
          co_window_corner_a, co_window_paths_c, co_window_corner_b,
          co_window_corner_cb, co_window_broadway_c, co_window_of_opportunity_b,
          co_window_4corner_a, glass_columns_a, glass_columns_c, first_bread
